 Dungeon Crawl Stone Soup version 0.31.0-11-ge490571c62 (webtiles) character file.

Game seed: 13292628136353669724

41458 experimilk the Grappler (level 13, -8/133 HPs)
             Began as a Troll Gladiator on Jan 31, 2024.
             Was a High Priest of Wu Jian.
             Mangled by a guardian serpent (11 damage)
             ... on level 5 of the Lair of Beasts.
             The game lasted 00:49:50 (17338 turns).

experimilk the Grappler (Troll Gladiator)          Turns: 17338, Time: 00:49:51

Health: -8/133     AC:  7    Str: 29    XL:     13   Next: 80%
Magic:  12/12      EV: 10    Int:  4    God:    Wu Jian [*****.]
Gold:   986        SH:  0    Dex: 11    Spells: 12/12 levels left

rFire   . .          .
                       - Unarmed
rCold   . . .        (no shield)
rNeg    . . .        O - +0 troll leather armour
rPois   .            b - +0 hat
rElec   .            S - +0 cloak
rCorr   +            (gloves unavailable)
SInv    +            (boots unavailable)
Will    .....        (no amulet)
Stlth   +            F - ring of resist corrosion
HPRegen 2.02/turn    H - ring of see invisible
MPRegen 0.13/turn

%: no passive effects
@: lethally poisoned (-8 -> -18)
A: large, unfitting armour, claws 3, regeneration 1, shaggy fur 1, tough skin 1
a: Renounce Religion, Wall Jump, Serpent's Lash, Heavenly Storm


You were on level 5 of the Lair of Beasts.
You worshipped Wu Jian.
Wu Jian was extremely pleased with you.
You visited 3 branches of the dungeon, and saw 17 of its levels.
You also visited: Sewer.

You collected 986 gold pieces.

Inventory:

Missiles
 a - 11 poisoned darts
 c - 3 boomerangs
 q - 3 throwing nets
 s - 7 curare-tipped darts
 x - 7 javelins
Armour
 b - a +0 hat (worn)
 O - a +0 troll leather armour (worn)
 S - a +0 cloak (worn)
Jewellery
 F - a ring of resist corrosion (left claw)
 H - a ring of see invisible (right claw)
Wands
 C - a wand of mindburst (17)
 E - a wand of paralysis (10)
 I - a wand of digging (18)
 L - a wand of flame (6)
 Q - a wand of polymorph (4)
Scrolls
 e - 5 scrolls of revelation
 g - 4 scrolls of teleportation
 i - 2 scrolls of fear
 o - a scroll of amnesia
 r - a scroll of poison
 v - 4 scrolls of immolation
 w - a scroll of fog
 y - 2 scrolls of silence
 A - 2 scrolls of acquirement {unknown}
 B - 2 scrolls of brand weapon
 K - 2 scrolls of butterflies
 M - a scroll of noise {unknown}
 N - a scroll of enchant weapon {unknown}
 P - a scroll of enchant armour {unknown}
 T - 2 scrolls of vulnerability
Potions
 d - 5 potions of haste
 f - 6 potions of might
 h - 4 potions of curing
 j - 3 potions of brilliance
 k - 4 potions of ambrosia
 l - 6 potions of degeneration
 m - a potion of mutation
 n - 2 potions of invisibility
 p - 3 potions of magic
 t - 2 potions of cancellation
 u - a potion of attraction
 D - a potion of berserk rage {unknown}
 J - a potion of lignification
 R - a potion of resistance
 U - a potion of enlightenment {unknown}


   Skills:
 - Level 10.0 Fighting
 - Level 10.0 Throwing
 - Level 10.0 Armour
 - Level 2.4 Dodging
 * Level 14.8 Unarmed Combat


You had 12 spell levels left.
You didn't know any spells.
Your spell library contained the following spells:

 Spells                   Type           Power      Damage    Failure   Level
 Foxfire                  Conj/Fire      0%         2x1d4     52%         1
 Freeze                   Ice            0%         1d3       52%         1
 Call Imp                 Summ           0%         N/A       67%         2
 Cigotuvi's Dreadful Rot  Necr/Alch/Air  0%         N/A       67%         2
 Scorch                   Fire           0%         2d5       67%         2
 Sublimation of Blood     Necr           0%         N/A       67%         2
 Frozen Ramparts          Ice            0%         1d1       88%         3
 Hailstorm                Conj/Ice       0%         3d5       88%         3
 Inner Flame              Hex/Fire       0%         N/A       88%         3
 Ozocubu's Armour         Ice            0%         N/A       88%         3
 Summon Ice Beast         Ice/Summ       0%         N/A       88%         3
 Tukima's Dance           Hex            0%         N/A       88%         3
 Volatile Blastmotes      Fire/Tloc      0%         2d10      88%         3
 Dimensional Bullseye     Hex/Tloc       0%         N/A       99%         4
 Flame Wave               Conj/Fire      0%         2d4       99%         4
 Fulminant Prism          Conj/Alch      0%         3d5       99%         4
 Ignite Poison            Fire/Alch      0%         N/A       99%         4
 Iskenderun's Mystic Bla  Conj/Tloc      0%         2d3       99%         4
 Sticky Flame             Fire/Alch      0%         2d4       99%         4
 Freezing Cloud           Conj/Ice/Air   0%         6-21      100%        5
 Metabolic Englaciation   Hex/Ice        0%         N/A       100%        5
 Summon Forest            Summ/Tloc      0%         N/A       100%        5
 Eringya's Noxious Bog    Alch           0%         4d6       100%        6
 Plasma Beam              Fire/Air       0%         2x1d10    100%        6
 Sculpt Simulacrum        Ice/Alch       0%         N/A       100%        6
 Starburst                Conj/Fire      0%         6d3       100%        6
 Summon Cactus Giant      Summ           0%         N/A       100%        6
 Summon Hydra             Summ           0%         N/A       100%        7


Dungeon Overview and Level Annotations

Branches:
Dungeon (11/15)            Temple (1/1) D:4            Lair (5/5) D:11
  Swamp (0/4) Lair:3        Snake (0/4) Lair:2        Slime (0/5) Lair:4
  Sewer (visited)
    Orc: D:9-12

Altars:
Ashenzari
Cheibriados
Dithmenos
Elyvilon
Fedhas
Gozag
Hepliaklqana
Kikubaaqudgha
Makhleb
Nemelex Xobeh
Okawaru
Qazlal
Ru
Sif Muna
Trog
Uskayaw
Vehumet
Wu Jian
Xom
Yredelemnul
Zin
The Shining One
Jiyva

Shops:
D:8 [

Annotations:
D:6 1 runed translucent door
Lair:2 2 transporters, Daunt's ghost, journeyman DgSh


Innate Abilities, Weirdness & Mutations

You are too large for most types of armour.
You have claws for hands.
Your natural rate of healing is unusually fast.
You are covered in fur. (AC +1)
You have tough skin. (AC +1)


Message History

The redback bites you!
The guardian serpent coils itself and waves its upper body at you.
The bolt of poison hits you!
You are more poisoned.
Found three items.
You feel extremely sick. The guardian serpent misses you.
The redback bites you.
You are lethally poisoned!
The redback poisons you!
You see here a cane toad corpse.
You mangle the guardian serpent!!
The guardian serpent is heavily wounded.
* * * LOW HITPOINT WARNING * * *
You feel extremely sick.
A nearby fungus withers and dies. x2
The guardian serpent hits you but does no damage.
The redback bites you.
* * * LOW HITPOINT WARNING * * *
You are more poisoned.
The redback poisons you! The guardian serpent hits you!
* * * LOW HITPOINT WARNING * * *
You feel better.
The redback bites you but does no damage.
The guardian serpent coils itself and waves its upper body at you.
You resist with some effort. The redback bites you.
* * * LOW HITPOINT WARNING * * *
You are poisoned.
The redback poisons you!
Read: 3 scrolls of fear
Press: ? - help, Q - select action, (/) - cycle Dir - look around, f - activate Look: a guardian serpent (heavily wounded, chance to affect: 79%)
As you read the scroll of fear, it crumbles to dust.
You assume a fearsome visage.
The redback looks frightened!
The guardian serpent resists with almost no effort.
You feel extremely sick. The guardian serpent hits you!
* * * LOW HITPOINT WARNING * * *
The guardian serpent hits you!
You die...

....÷......##.....†..#...##......
##..........##..##..##..##.......
###..........##[.#..#..##........
# #....###....##.####.##.....###.
####..## ###..)########....###...
#.##..# ..###..##..##...###.....
.#....# $((.####....#.###.......
#.....# ?........PP.###......<..
......# ?.....S@....###.........
......# $...####....#.###.......
......# . ###..†.s.##...###.....
......## ###...#..####.....###...
.......###....##.####..#.....#.#.
.............##))#..#(.##......P.
......P.....##..##..##..##.......
...........##÷..#....#...##......
..........##...##....##...##...#.


You could see a guardian serpent and a redback (fleeing).

Vanquished Creatures
  Rupert (Lair:5)
  Erolcha (D:10)
  2 two-headed ogres
  5 hydras
  A boulder beetle (Lair:1)
  Urug (Lair:5)
  A skyshark (Lair:5)
  A bog body (Lair:3)
  A wolf spider (Lair:5)
  6 elephants (Lair:5)
  5 black mambas
  An ice statue (D:9)
  9 cane toads
  An unseen horror zombie (D:9)
  Maggie (D:9)
  A rime drake (Lair:5)
  8 komodo dragons
  A troll (D:11)
  3 hornets (Lair:5)
  2 polar bears
  5 dream sheep (Lair:4)
  12 blink frogs
  A shadow (D:10)
  Sigmund (D:5)
  18 wyverns
  Eustachio (D:6)
  3 water elementals
  4 wraiths
  28 yaks
  2 basilisks
  An unseen horror simulacrum (D:9)
  3 redbacks (Lair:5)
  4 steam dragons
  3 nagas (Lair:2)
  Edmund (D:5)
  25 water moccasins
  An acid dragon (D:11)
  2 black bears
  A sky beast (D:7)
  5 orc warriors
  18 wolves
  2 ogres
  4 centaurs
  2 kobold brigands
  9 bullfrogs
  A gnoll sergeant (D:10)
  3 wyvern zombies
  A water moccasin zombie (D:7)
  9 scorpions
  6 wights
  3 howler monkeys
  3 electric eels (Lair:2)
  2 orc priests
  2 bombardier beetles
  9 hounds
  14 jellies
  2 centaur zombies (D:7)
  A sleepcap (D:7)
  2 centaur skeletons (D:9)
  4 iguanas
  9 orc wizards
  7 hell rats (Lair:1)
  2 killer bee zombies (D:7)
  12 gnolls
  A howler monkey zombie (D:7)
  8 adders
  6 river rats (Sewer)
  A shadow imp (D:5)
  A white imp (D:5)
  6 ufetubi
  3 ribbon worms
  5 dart slugs
  40 orcs
  16 ball pythons
  9 endoplasms
  10 giant cockroaches
  6 goblins
  13 hobgoblins
  4 jackals
  30 kobolds
  4 quokkas
  5 bats
  4 frilled lizards
  26 rats
  A butterfly (D:6)
499 creatures vanquished.

Vanquished Creatures (others)
  A jackal (D:2)
1 creature vanquished.

Grand Total: 500 creatures vanquished

Notes
Turn   | Place    | Note
-------+----------+-------------------------------------------
     0 | D:1      | experimilk the Troll Gladiator began the quest for the Orb.
     0 | D:1      | Reached XP level 1. HP: 19/19 MP: 0/0
   181 | D:1      | Reached XP level 2. HP: 27/27 MP: 1/1
   404 | D:1      | Reached skill level 4 in Unarmed Combat
   956 | D:2      | Reached XP level 3. HP: 29/33 MP: 2/2
  1032 | D:2      | Reached XP level 4. HP: 24/41 MP: 3/3
  1280 | D:2      | Reached skill level 5 in Unarmed Combat
  1852 | D:3      | Found a glowing drain.
  1913 | Sewer    | Entered a sewer
  2080 | Sewer    | Reached XP level 5. HP: 29/48 MP: 4/4
  2092 | Sewer    | Reached skill level 6 in Unarmed Combat
  2177 | Sewer    | Reached XP level 6. HP: 46/55 MP: 5/5
  2298 | Sewer    | Reached skill level 7 in Unarmed Combat
  2486 | D:3      | Found a radiant altar of Vehumet.
  2532 | D:3      | Found a bloodstained altar of Trog.
  3003 | D:3      | HP: 2/55 [gnoll/+0 flail of holy wrath (5)]
  3265 | D:4      | Found a staircase to the Ecumenical Temple.
  3278 | Temple   | Entered the Ecumenical Temple
  3313 | Temple   | Became a worshipper of the Wu Jian Council
  3542 | D:4      | Found an opulent altar of Gozag.
  3640 | D:4      | You fall into a shaft and drop 2 floors!
  3748 | D:6      | Reached skill level 8 in Unarmed Combat
  3748 | D:6      | Reached XP level 7. HP: 55/62 MP: 6/6
  3751 | D:5      | Entered Level 5 of the Dungeon
  4092 | D:4      | Reached skill level 9 in Unarmed Combat
  4235 | D:5      | Noticed Edmund
  4241 | D:5      | Killed Edmund
  4305 | D:5      | Identified the +2 leather armour of Valour {*Corrode rC+
                  | Str+4}
  4359 | D:5      | Noticed a yak
  4359 | D:5      | Noticed a yak
  4360 | D:5      | Noticed a yak
  4361 | D:5      | Noticed a yak
  4361 | D:5      | Noticed a yak
  4363 | D:5      | Noticed a yak
  4407 | D:5      | Killed a yak
  4408 | D:5      | Reached skill level 10 in Unarmed Combat
  4408 | D:5      | Reached XP level 8. HP: 56/72 MP: 7/7
  4905 | D:4      | Reached * piety under Wu Jian
  5361 | D:5      | Reached skill level 5 in Fighting
  5435 | D:5      | Reached XP level 9. HP: 87/89 MP: 8/8
  5571 | D:5      | Noticed Sigmund
  5602 | D:5      | Killed Sigmund
  6116 | D:6      | Noticed Eustachio
  6124 | D:6      | Killed Eustachio
  6174 | D:6      | Found a runed translucent door.
  6176 | D:6      | Found a runed translucent door.
  6911 | D:6      | Reached ** piety under Wu Jian
  7330 | D:7      | Found a basalt altar of Yredelemnul.
  7471 | D:7      | Reached XP level 10. HP: 89/107 MP: 9/9
  7788 | D:7      | Reached skill level 10 in Fighting
  7937 | D:8      | Reached *** piety under Wu Jian
  8573 | D:8      | Found Haempun's Armour Shoppe.
  8728 | D:9      | Noticed Maggie
  8737 | D:9      | Killed Maggie
  8738 | D:9      | Reached skill level 5 in Throwing
  8797 | D:9      | Noticed an ice statue
  8804 | D:9      | Killed an ice statue
  9657 | D:9      | Identified the +6 trident "Qogrum" {elec, *Noise rF+ Dex+4}
  9693 | D:9      | Noticed a two-headed ogre
  9697 | D:9      | Killed a two-headed ogre
  9698 | D:9      | Reached XP level 11. HP: 99/117 MP: 10/10
  9865 | D:10     | Entered Level 10 of the Dungeon
  9866 | D:10     | Noticed a two-headed ogre
 10018 | D:10     | Noticed Erolcha
 10272 | D:10     | Identified the +10 quarterstaff "Arbiter" {heavy, Str+3}
 10309 | D:10     | Reached **** piety under Wu Jian
 10415 | D:10     | Killed Erolcha
 10571 | D:10     | Killed a two-headed ogre
 10721 | D:11     | Found a staircase to the Lair.
 10773 | D:11     | Reached skill level 10 in Throwing
 10780 | Lair:1   | Entered Level 1 of the Lair of Beasts
 10786 | Lair:1   | Reached skill level 1 in Armour
 12049 | Lair:1   | Noticed a boulder beetle
 12054 | Lair:1   | Killed a boulder beetle
 12055 | Lair:1   | Reached skill level 5 in Armour
 12734 | Lair:2   | Reached XP level 12. HP: 126/126 MP: 11/11
 12765 | Lair:2   | Found a transporter.
 12775 | Lair:2   | Noticed Daunt's ghost (journeyman DgSh)
 12809 | Lair:2   | Found a transporter.
 13180 | Lair:2   | Found a staircase to the Snake Pit.
 13561 | Lair:3   | Noticed a four-headed hydra
 13716 | Lair:3   | Found a staircase to the Swamp.
 13781 | Lair:3   | Noticed a seven-headed hydra
 13785 | Lair:3   | Killed an eight-headed hydra
 13904 | Lair:3   | Killed an eight-headed hydra
 14530 | Lair:4   | Reached ***** piety under Wu Jian
 14567 | Lair:4   | Noticed a seven-headed hydra
 14577 | Lair:4   | Killed a ten-headed hydra
 14588 | Lair:4   | Found a staircase to the Slime Pits.
 14591 | Lair:4   | Found a viscous altar of Jiyva.
 14609 | Lair:4   | Reached skill level 10 in Armour
 14973 | Lair:5   | Entered Level 5 of the Lair of Beasts
 15079 | Lair:5   | Noticed a four-headed hydra
 15085 | Lair:5   | Reached skill level 11 in Unarmed Combat
 15329 | Lair:4   | Reached XP level 13. HP: 133/133 MP: 12/12
 16001 | Lair:5   | Noticed Rupert
 16014 | Lair:5   | Paralysed by Rupert for 5 turns
 16027 | Lair:5   | Killed Rupert
 16028 | Lair:5   | Reached skill level 12 in Unarmed Combat
 16161 | Lair:5   | Paralysed by a hornet for 2 turns
 16236 | Lair:5   | Reached skill level 13 in Unarmed Combat
 16539 | Lair:5   | Reached skill level 14 in Unarmed Combat
 16967 | Lair:5   | Noticed Urug
 16979 | Lair:5   | Killed Urug
 17338 | Lair:5   | HP: 3/133 [guardian serpent (16)]
 17338 | Lair:5   | Mangled by a guardian serpent

Illustrated notes

Levels and vault maps discovered:
D:1:      reono_arrival_forest_river, layout_basic, serial_forest,
          infiniplex_forest_pool, infiniplex_forest_lined_room_,
          infiniplex_forest_end_2, infiniplex_forest_clump_small,
          infiniplex_forest_end_3, infiniplex_forest_lined_4_way,
          serial_bayou_pond_b, serial_bayou_ford_a
D:2:      layout_loops_ring, kennysheep_generic_room_15
D:3:      layout_rooms, mainiacjoe_overflow_catch_the_wave,
          cheibrodos_sewer_entry_drain, minivault_5
D:4:      layout_cave_pools, nicolae_gozag_seed_capital,
          minmay_temple_entry_water_ring, minmay_small_thing
D:5:      layout_basic, uniq_sigmund, uniq_edmund
D:6:      lemuel_insect_pit, layout_loops_ring, lightli_orcish_oven,
          uniq_eustachio
D:7:      minmay_evil_eye, layout_cave_pools, nicolae_yredelemnul_corpse_copse,
          grunt_ministairs_3
D:8:      hellmonk_crumbling_castle, layout_rooms, serial_shops, shop
D:9:      layout_cave_pods, small_statue_intersection, hangedman_weighted_door,
          minivault_16, uniq_maggie
D:10:     layout_cave_pools, uniq_erolcha
D:11:     layout_basic, erik_lair_island, onia_ninara_cookie, uniq_harold
Temple:   dpeg_five_rooms_temple
Lair:1:   layout_roguey
Lair:2:   layout_regular_city, nicolae_snake_entry_squirm, nzn_ghost_randoct,
          serial_bayou_lagoon_b
Lair:3:   layout_cave_pods, skrybe_swamp_entry_bodies
Lair:4:   layout_cave_pods, minmay_slime_entry_jelly_boxes
Lair:5:   hangedman_lair_tendril_chambers, layout_small_grid, uniq_rupert,
          uniq_urug

Skill      XL: |  1  2  3  4  5  6  7  8  9 10 11 12 13 |
---------------+----------------------------------------+-----
Unarmed Combat | 4 5 6 8 10 11 14 | 14.8
Fighting       | 6 9 10 | 10.0
Throwing       | 7 10 | 10.0
Armour         | 6 10 | 10.0
Dodging        | |  2.4

Action                     |  1- 3 |  4- 6 |  7- 9 | 10-12 | 13-15 || total
---------------------------+-------+-------+-------+-------+-------++-------
  Melee: Unarmed           |    59 |   252 |   218 |   476 |   184 ||  1189
         Punch             |     1 |     4 |    13 |    28 |    17 ||    63
  Throw: Boomerang         |       |       |    15 |   141 |    93 ||   249
         Large rock        |       |       |    13 |    75 |     5 ||    93
         Dart              |       |       |    20 |    73 |    24 ||   117
         Throwing net      |       |       |       |     2 |     2 ||     4
 Invoke: Serpent's Lash    |       |       |       |     5 |     5 ||    10
         Heavenly Storm    |       |       |       |       |     1 ||     1
Ability: Lunge             |       |     4 |    25 |    55 |    24 ||   108
         Whirlwind         |       |       |    11 |    47 |    28 ||    86
         Wall Jump         |       |       |       |     4 |     1 ||     5
  Evoke: Wand              |       |       |       |     1 |    19 ||    20
    Use: Scroll            |     3 |     4 |     8 |    13 |     5 ||    33
         Potion            |       |     2 |     1 |     1 |     9 ||    13
   Stab: Sleeping          |       |     1 |     2 |     1 |       ||     4
         Distracted        |       |       |     1 |     1 |       ||     2
         Held in net/web   |       |       |       |     1 |       ||     1
 Armour: Robe              |    52 |   192 |   150 |   156 |       ||   550
         Troll leather arm |       |       |       |   166 |   146 ||   312
  Dodge: Dodged            |    40 |   135 |    80 |   167 |    60 ||   482
